 Dungeon Crawl Stone Soup version 0.23.2 (webtiles) character file.

Game seed: 2366301091363028677

2709 xccam the Chopper (level 9, -2/47 HPs)
             Began as a Vine Stalker Fighter on Apr 3, 2019.
             Was an Initiate of Okawaru.
             Killed from afar by a fire dragon (6 damage)
             ... with a blast of flame
             ... on level 9 of the Dungeon.
             The game lasted 00:10:58 (4870 turns).

xccam the Chopper (Vine Stalker Fighter)            Turns: 4870, Time: 00:10:59

Health: -2/47      AC:  8    Str: 20 (22) XL:     9   Next: 66%
Magic:  0/10       EV: 15    Int:  6 (8)  God:    Okawaru [......]
Gold:   441        SH: 11    Dex: 19 (22) Spells: 8/8 levels left

rFire    . . .     SeeInvis +   a - +0 war axe
rCold    . . .     Gourm    .   c - +0 shield
rNeg     + . .     Faith    .   y - +0 scale mail {rPois}
rPois    +         Spirit   +   (no helmet)
rElec    +         Reflect  .   o - +0 cloak
rCorr    .         Harm     .   (no gloves)
MR       +....                  (no boots)
Stlth    +.........             (no amulet)
HPRegen  0.55/turn              q - ring of positive energy
MPRegen  0.12/turn              u - ring of see invisible

@: mighty, agile, lethally poisoned (-2 -> -2), very slightly contaminated,
invisible (expiring)
A: fangs 3, regeneration 1, electricity resistance, weak 1, magic shield,
antimagic bite, no potion heal 3, rot immunity, MP-powered wands
a: Renounce Religion


You were on level 9 of the Dungeon.
You worshipped Okawaru.
Okawaru was noncommittal.
You were near starving.

You visited 1 branch of the dungeon, and saw 8 of its levels.

You collected 441 gold pieces.

Inventory:

Hand Weapons
 a - a +0 war axe (weapon)
Armour
 c - a +0 shield (worn)
 o - a +0 cloak (worn)
 w - a +0 plate armour
 y - a +0 scale mail of poison resistance (worn)
Jewellery
 q - a ring of positive energy (left hand)
 u - a ring of see invisible (right hand)
Scrolls
 e - 2 scrolls of immolation
 i - 2 scrolls of identify
 j - 5 scrolls of remove curse
 k - 3 scrolls of amnesia
 m - 2 scrolls of teleportation {unknown}
 n - 2 scrolls of enchant weapon
 v - a scroll of enchant armour {unknown}
Potions
 d - a potion of might
 g - a potion of invisibility
 h - a potion of curing
 l - 2 potions of lignification
 p - a potion of degeneration
 r - a potion of heal wounds
 s - a potion of agility
 t - a potion of haste {unknown}
 x - a potion of resistance {unknown}
Comestibles
 f - 7 rations


   Skills:
 + Level 5.3 Fighting
 + Level 7.5 Axes
 + Level 4.8 Armour
 + Level 4.0 Dodging
 + Level 5.3 Shields


You had 8 spell levels left.
You didn't know any spells.
Your spell library contained the following spells:

 Spells                   Type           Power        Failure   Level  Hunger
 Animate Skeleton         Necr           N/A          99%         1    ##.....
 Apportation              Tloc           #.....       99%         1    ##.....
 Confusing Touch          Hex            #.....       99%         1    ##.....
 Summon Small Mammal      Summ           #...         99%         1    ##.....
 Confuse                  Hex            #.......     100%        3    ####...
 Gell's Gravitas          Tloc           #.........   100%        3    ####...
 Petrify                  Tmut/Erth      #.......     100%        4    #####..
 Metabolic Englaciation   Hex/Ice        #.........   100%        5    ######.
 Yara's Violent Unravell  Hex/Tmut       #.........   100%        5    ######.


Dungeon Overview and Level Annotations

Branches:
Dungeon (9/15)
 Temple: D:4-7         Lair: D:8-11         Orc: D:9-12

Altars:
Cheibriados
Dithmenos
Elyvilon
Makhleb
Okawaru
Qazlal
Xom


Innate Abilities, Weirdness & Mutations

You have razor-sharp teeth.
Your natural rate of healing is unusually fast.
When hurt, damage is shared between your health and your magic reserves.
Your bite disrupts and absorbs the magic of your enemies.
Potions cannot restore your health.
You are immune to rotting.
You are resistant to electric shocks. (rElec)
You are weak. (Str -2)
You expend magic power (3 MP) to strengthen your wands.


Message History

You are near starving!
You block the fire dragon's attack. The fire dragon barely misses you.
The fire dragon misses you. The fire dragon breathes flames at you.
The blast of flame misses you.
You hear a bellow! x2
You catch the helpless fire dragon completely off-guard!
You hit the fire dragon. You bite the fire dragon! You drain its power.
You feel invigorated.
The fire dragon is severely wounded.
You block the fire dragon's attack. The fire dragon claws you!
* * * LOW HITPOINT WARNING * * *
The fire dragon tramples you but does no damage.
You slash the fire dragon! You bite the fire dragon. You drain its power.
You feel invigorated.
The fire dragon is almost dead.
You feel sick. The fire dragon breathes flames at you.
The blast of flame hits you!
You die...

.###.. ..#..
###.... #.h
....#. .....h. @.
..... . .......
.. ....#..
....... .#.....
ยง.....D###......
# . #.@.##...#..#
..#####.##....#
...##.##.#
#.##....#
#.....###
#..#).#####
#............
#..####....<.
##..^.........


You could see a fire dragon and a black bear (wandering).

Vanquished Creatures
  Psyche (D:9)
  Grinder (D:3)
  2 wyverns (D:8)
  A hungry ghost (D:8)
  An ice beast (D:8)
  An orc warrior (D:8)
  A black bear (D:8)
  An ogre (D:4)
  2 phantoms (D:4)
  A necrophage (D:8)
  3 big kobolds
  4 bullfrogs
  A howler monkey (D:9)
  3 wights (D:8)
  A crimson imp (D:7)
  2 orc priests (D:4)
  A bullfrog skeleton (D:5)
  A hound (D:7)
  2 jellies (D:8)
  2 iguanas
  3 worker ants
  A hound zombie (D:7)
  A hound skeleton (D:4)
  3 adders
  3 gnolls (D:8)
  An adder skeleton (D:7)
  2 worms
  2 dart slugs
  2 leopard geckos
  24 orcs
  3 ball pythons
  9 bats
  6 giant cockroaches
  4 goblins
  7 hobgoblins
  16 kobolds
  3 quokkas
  7 frilled lizards
  A jackal skeleton (D:4)
  6 rats
136 creatures vanquished.

Notes
Turn   | Place    | Note
-------+----------+-------------------------------------------
     0 | D:1      | xccam the Vine Stalker Fighter began the quest for the Orb.
     0 | D:1      | Reached XP level 1. HP: 11/11 MP: 2/2
    40 | D:1      | Reached skill level 2 in Axes
    76 | D:1      | Reached XP level 2. HP: 13/16 MP: 3/3
   198 | D:1      | Reached skill level 3 in Axes
   242 | D:1      | Reached XP level 3. HP: 15/19 MP: 4/4
   819 | D:2      | Found a burning altar of Makhleb.
  1319 | D:3      | Gained mutation: Your natural rate of healing is unusually
                  | fast. [Vine Stalker growth]
  1319 | D:3      | Reached XP level 4. HP: 22/23 MP: 5/5
  1397 | D:3      | Reached skill level 4 in Axes
  1586 | D:3      | Noticed Grinder
  1595 | D:3      | Paralysed by Grinder for 4 turns
  1622 | D:3      | Gained mutation: You are frail. (-10% HP) [potion of
                  | mutation]
  1622 | D:3      | Gained mutation: You are very frail. (-20% HP) [potion of
                  | mutation]
  1622 | D:3      | Gained mutation: You occasionally shout uncontrollably at
                  | your foes. [potion of mutation]
  1622 | D:3      | Gained mutation: You expend magic power (3 MP) to
                  | strengthen your wands. [potion of mutation]
  1623 | D:3      | Lost mutation: You occasionally shout uncontrollably at
                  | your foes. [potion of mutation]
  1623 | D:3      | Lost mutation: You are very frail. (-20% HP) [potion of
                  | mutation]
  1623 | D:3      | Lost mutation: You are frail. (-10% HP) [potion of
                  | mutation]
  1623 | D:3      | Gained mutation: You are weak. (Str -2) [potion of
                  | mutation]
  1623 | D:3      | Gained mutation: You are resistant to electric shocks.
                  | (rElec) [potion of mutation]
  1628 | D:3      | Paralysed by Grinder for 5 turns
  1639 | D:3      | Paralysed by Grinder for 2 turns
  1646 | D:3      | Killed Grinder
  1646 | D:3      | Reached skill level 5 in Axes
  1646 | D:3      | Reached XP level 5. HP: 25/27 MP: 4/6
  1646 | D:3      | Reached XP level 6. HP: 30/32 MP: 4/7
  1952 | D:3      | Found a shadowy altar of Dithmenos.
  2431 | D:4      | Noticed a phantom
  2449 | D:4      | Killed a phantom
  2449 | D:4      | Reached skill level 6 in Axes
  2449 | D:4      | Reached skill level 1 in Dodging
  2449 | D:4      | Reached XP level 7. HP: 36/36 MP: 8/8
  2695 | D:4      | Found a snail-covered altar of Cheibriados.
  2979 | D:4      | You fall through a shaft!
  2979 | D:5      | Entered Level 5 of the Dungeon
  3315 | D:5      | You fall through a shaft for 2 floors!
  3315 | D:7      | Found a stormy altar of Qazlal.
  3316 | D:7      | Noticed a water elemental
  3316 | D:7      | Noticed a fire elemental
  3316 | D:7      | Noticed an air elemental
  3467 | D:7      | Gained mutation: You have razor-sharp teeth. [Vine Stalker
                  | growth]
  3467 | D:7      | Reached XP level 8. HP: 32/42 MP: 7/9
  3920 | D:8      | Noticed a wyvern
  4070 | D:8      | Found an iron altar of Okawaru.
  4223 | D:8      | Noticed a hippogriff
  4318 | D:8      | Killed a wyvern
  4382 | D:8      | Reached skill level 7 in Axes
  4382 | D:8      | Reached XP level 9. HP: 31/46 MP: 7/10
  4572 | D:8      | Found a white marble altar of Elyvilon.
  4610 | D:8      | Reached skill level 5 in Fighting
  4610 | D:8      | Reached skill level 5 in Shields
  4633 | D:8      | Became a worshipper of Warmaster Okawaru
  4687 | D:8      | Found a shimmering altar of Xom.
  4831 | D:9      | Noticed Psyche
  4847 | D:9      | Killed Psyche
  4850 | D:9      | Noticed a fire dragon
  4870 | D:9      | Killed from afar by a fire dragon

Skill      XL: |  1  2  3  4  5  6  7  8  9 |
---------------+----------------------------+-----
Axes           | 2 3 5 6 7 |  7.5
Fighting       | 3 4 5 |  5.3
Dodging        | 1 2 3 4 |  4.0
Shields        | 3 4 5 |  5.3
Armour         | 3 4 |  4.8

Action                   |  1- 3 |  4- 6 |  7- 9 || total
-------------------------+-------+-------+-------++-------
Melee: War axe           |    92 |    85 |   290 ||   467
       Bite              |    22 |    23 |   101 ||   146
  Use: Potion            |       |     6 |     4 ||    10
       Scroll            |       |     4 |     1 ||     5
 Stab: Invisible         |       |       |     3 ||     3
  Eat: Chunk             |     1 |     3 |     7 ||    11
       Ration            |       |       |     1 ||     1
Armor: Scale mail        |    44 |    30 |    99 ||   173
       Skin              |       |    36 |       ||    36
Dodge: Dodged            |    24 |    17 |   117 ||   158
Block: Shield            |    54 |    34 |   153 ||   241
